 Dungeon Crawl Stone Soup version 0.31-a0-152-g6aa68a64a1 (webtiles) character file.

Game seed: 12812602397115430868

35 qw the Shooter (level 3, -2/32 HPs)
             Began as a Naga Hunter on June 10, 2023.
             Slain by a hobgoblin (6 damage)
             ... led by Robin
             ... on level 1 of the Dungeon.
             The game lasted 00:00:19 (861 turns).

qw the Shooter (Naga Hunter)                         Turns: 861, Time: 00:00:20

Health: -2/32      AC:  5    Str: 13    XL:     3   Next: 33%
Magic:  3/3        EV:  9    Int:  9    God:
Gold:   47         SH:  0    Dex: 16    Spells: 2/2 levels left

rFire   . . .        Y - +0 shortbow
rCold   . . .        (shield currently unavailable)
rNeg    . . .        c - +0 leather armour
rPois   +            j - +2 hat
rElec   .            (no cloak)
rCorr   .            h - +0 pair of gloves
SInv    +            (no barding)
Will    .....        (no amulet)
Stlth   ++           (no ring)
HPRegen 0.25/turn    (no ring)
MPRegen 0.08/turn

%: no passive effects
@: short of breath, very slow
A: AC +1, large, see invisible, deformed body, poison resistance, slowness 2,
spit poison 1, naga tail 1
a: Spit Poison


You were on level 1 of the Dungeon.
You visited 1 branch of the dungeon, and saw 2 of its levels.

You collected 47 gold pieces.


Innate Abilities, Weirdness & Mutations

Your serpentine skin is tough. (AC +1)
You have supernaturally acute eyesight. (SInv)
Armour fits poorly on your strangely shaped body.
Your system is resistant to poisons. (rPois)
You cover ground very slowly.
You can spit poison.
You have a snake-like lower body.


   Skills:
 - Level 2.0 Fighting
 + Level 4.6 Ranged Weapons
 - Level 1.5 Dodging
 - Level 1.5 Stealth


You had 2 spell levels left.
You didn't know any spells.
Your spell library was empty.

Inventory:

Hand Weapons
 Y - a +0 shortbow (weapon)
Armour
 c - a +0 leather armour (worn)
 h - a +0 pair of gloves (worn)
 j - a +2 hat (worn)
Jewellery
 i - a ring of fire
Scrolls
 a - a scroll of identify
Potions
 d - a potion of heal wounds {unknown}
 g - a potion of attraction {unknown}

Dungeon Overview and Level Annotations

Branches:
Dungeon (2/15)

Altars:

Annotations:
D:1 Robin


Message History

HP restored.
Partly explored, can't reach some places.
(D) Dungeon
Where to? (* - list waypoints, Enter - D:2, ? - help)
What level of the Dungeon? (default 1, ? - help)
You climb downwards.
Level annotation: Robin The bat closely misses you.
The bat completely misses you. The goblin hits you but does no damage.
The hobgoblin hits you but does no damage.
The goblin shoots a sling bullet.
The sling bullet hits you. The sling bullet freezes you.
The hobgoblin hits you. The goblin hits you with a +0 dagger.
There is a stone staircase leading up here.
856 ||| STAIRDANCE The goblin hits you with a +0 club.
The bat hits you but does no damage. The hobgoblin hits you.
Robin roars a battlecry!
The goblins go into a battle-frenzy!
The goblin hits you with a +0 dagger.
You climb upwards.
There is a stone staircase leading down, spattered with blood here.
858 ||| INVOKING Spit Poison.
Aiming: Spit Poison (2% risk of failure)
Press: ? - help, Shift-Dir - straight line, f - Robin The splash of poison hits Robin.
Robin is poisoned.
Robin is lightly wounded.
Robin hits you but does no damage. The hobgoblin hits you.
The goblin closely misses you. The goblin hits you with a +0 club.
You shoot an arrow. The arrow hits Robin.
Robin is heavily wounded.
Robin throws the goblin at you!
The hobgoblin hits you but does no damage.
The goblin hits you but does no damage. x2
You shoot an arrow. The arrow barely misses Robin.
Robin hits you with a +0 mace. The hobgoblin barely misses you.
The goblin hits you with a +0 dagger. The goblin hits you but does no damage.
You shoot an arrow. The arrow barely misses Robin.
The hobgoblin hits you.
You die...

#####.#...# #..........
##.#...#..## #####....###.##
###########.....#.## #.###
##.....#..777777777####....
##...................##..###
#.........)777777777.....###
#.........g@g...##..........
#.........g)g...#....######.
#...........................
#....[.)..........##########
#.>.............###
##.)...........##
##.....#.....##
#############


You could see Robin (poisoned), a hobgoblin (strong) and 2 goblins.

Vanquished Creatures
  A dart slug (D:1)
  An endoplasm (D:1)
  A giant cockroach (D:1)
  10 goblins (D:1)
  5 hobgoblins (D:1)
  2 quokkas (D:1)
  2 bats (D:1)
  2 frilled lizards (D:1)
  4 rats (D:1)
28 creatures vanquished.

Notes
Turn   | Place    | Note
-------+----------+-------------------------------------------
     0 | D:1      | qw the Naga Hunter began the quest for the Orb.
     0 | D:1      | Reached XP level 1. HP: 19/19 MP: 1/1
     0 | D:1      | 0 ||| qw: Version: 0.2-a-29-g767f381
     0 | D:1      | 0 ||| qw: Game counter: 3899
     0 | D:1      | 0 ||| qw: Always use a shield: true
     0 | D:1      | 0 ||| qw: God list: Okawaru
     0 | D:1      | 0 ||| qw: Allow faded altars: false
     0 | D:1      | 0 ||| qw: Do Orc after D:15 true
     0 | D:1      | 0 ||| qw: Do second Lair branch before Depths: true
     0 | D:1      | 0 ||| qw: Lair rune preference: random
     0 | D:1      | 0 ||| qw: Plans: Normal
     0 | D:1      | 0 ||| PLANNING D:1-11
    33 | D:1      | 33 ||| INVOKING Spit Poison.
    62 | D:1      | 62 ||| INVOKING Spit Poison.
    68 | D:1      | 68 ||| INVOKING Spit Poison.
   105 | D:1      | 105 ||| INVOKING Spit Poison.
   106 | D:1      | Reached skill level 4 in Ranged Weapons
   106 | D:1      | Reached XP level 2. HP: 26/26 MP: 2/2
   176 | D:1      | Found a faded altar of an unknown god.
   196 | D:1      | 196 ||| INVOKING Spit Poison.
   204 | D:1      | 204 ||| INVOKING Spit Poison.
   210 | D:1      | 210 ||| INVOKING Spit Poison.
   213 | D:1      | 213 ||| INVOKING Spit Poison.
   281 | D:1      | 281 ||| INVOKING Spit Poison.
   339 | D:1      | 339 ||| INVOKING Spit Poison.
   344 | D:1      | 344 ||| INVOKING Spit Poison.
   396 | D:1      | 396 ||| INVOKING Spit Poison.
   479 | D:1      | 479 ||| INVOKING Spit Poison.
   504 | D:1      | 504 ||| INVOKING Spit Poison.
   595 | D:1      | 595 ||| UPGRADING to +0 pair of gloves.
   600 | D:1      | 600 ||| UPGRADING to +2 hat.
   605 | D:1      | 605 ||| READING 2 scrolls labelled RUOSYOSHANG.
   606 | D:1      | 606 ||| READING scroll labelled SUPI VOYHUNGUPH.
   607 | D:1      | 607 ||| DROPPING scroll of butterflies.
   648 | D:2      | 648 ||| INVOKING Spit Poison.
   650 | D:2      | 650 ||| STAIRDANCE
   669 | D:2      | 669 ||| INVOKING Spit Poison.
   670 | D:2      | Noticed Robin
   671 | D:2      | 671 ||| STAIRDANCE
   674 | D:1      | Reached XP level 3. HP: 22/32 MP: 3/3
   674 | D:1      | 674 ||| INVOKING Spit Poison.
   678 | D:1      | 678 ||| INVOKING Spit Poison.
   731 | D:2      | 731 ||| INVOKING Spit Poison.
   732 | D:2      | 732 ||| STAIRDANCE
   735 | D:1      | 735 ||| INVOKING Spit Poison.
   739 | D:1      | 739 ||| INVOKING Spit Poison.
   739 | D:1      | HP: 3/32 [goblin/+0 quarterstaff[Robin] (7)]
   742 | D:1      | 742 ||| INVOKING Spit Poison.
   856 | D:2      | 856 ||| STAIRDANCE
   858 | D:1      | 858 ||| INVOKING Spit Poison.
   860 | D:1      | HP: 6/32 [Robin/+0 mace (4)]
   861 | D:1      | Slain by a hobgoblin

Levels and vault maps discovered:
D:1:      dpeg_arrival_arbitrary_c, layout_rooms, serial_forest,
          infiniplex_forest_clump_tiny, infiniplex_forest_straight_3,
          infiniplex_forest_clump_diagonal, infiniplex_forest_pool,
          infiniplex_forest_end_2, shapermc_ecumenical_altar_venn
D:2:      layout_rooms, basic_altar, uniq_robin

Skill      XL: |  1 |
---------------+----+-----
Ranged Weapons | 4 |  4.6
Fighting       | |  2.0
Dodging        | |  1.5
Stealth        | |  1.5

Action                     || total
---------------------------++-------
   Fire: Shortbow          ||    42
Ability: Spit Poison       ||    23
    Use: Scroll            ||     2
 Armour: Leather armour    ||    45
  Dodge: Dodged            ||    43

Table legend:
 A = Non-vault XP
 B = Vault XP
 C = Vault XP percentage of total XP
 D = Non-vault monster count
 E = Vault monster count
 F = Vault count percentage of total count
                 A         B        C        D         E       F
            +---------+---------+-------+---------+---------+-------
      Total |      39 |      11 |  22.0 |      22 |       6 |  21.4
            +---------+---------+-------+---------+---------+-------
        D:1 |      39 |      11 |  22.0 |      22 |       6 |  21.4
            +---------+---------+-------+---------+---------+-------
